 Dungeon Crawl Stone Soup version 0.26-a0-835-g8259106e14 (webtiles) character file.

Game seed: 11751624052536188814

5810 lunkers the Geomancer (level 11, -2/83 HPs)
             Began as a Formicid Earth Elementalist on Nov 17, 2020.
             Was a Believer of Vehumet.
             Slain by a bullfrog (4 damage)
             ... on level 9 of the Dungeon.
             The game lasted 00:10:47 (11803 turns).

lunkers the Geomancer (FoEE)                       Turns: 11803, Time: 00:10:48

Health: -2/83      AC:  3    Str: 13    XL:     11   Next: 7%
Magic:  23/23      EV: 16    Int: 24    God:    Vehumet [**....]
Gold:   487        SH:  0    Dex: 11    Spells: 12/27 levels left

rFire    . . .     SeeInvis +   A - +2 flail (protect)
rCold    . . .     Faith    .   (no shield)
rNeg     . . .     Spirit   .   c - +0 robe
rPois    .         Reflect  .   (helmet unavailable)
rElec    .         Harm     .   (no cloak)
rCorr    .         Rampage  .   y - +0 pair of gloves
MR       +....                  (no boots)
Stlth    ++........             (no amulet)
HPRegen  0.23/turn              n - +4 ring of evasion
MPRegen  0.18/turn              d - +6 ring of intelligence

@: no status effects
A: permanent stasis, dig shafts and tunnels, four strong arms, antennae 3
a: Dig, Shaft Self, Renounce Religion


You were on level 9 of the Dungeon.
You worshipped Vehumet.
Vehumet was pleased with you.
You visited 2 branches of the dungeon, and saw 11 of its levels.

You collected 487 gold pieces.

Inventory:

Hand Weapons
 h - a cursed +4 spear
 A - a +2 flail of protection (weapon)
Missiles
 b - 267 stones (quivered)
 r - 3 curare-tipped darts {=f}
Armour
 c - a +0 robe (worn)
 y - a +0 pair of gloves (worn)
Jewellery
 d - a +6 ring of intelligence (right hand)
 k - an uncursed ring of poison resistance
 n - a +4 ring of evasion (left hand)
 x - an uncursed ring of wizardry
 C - an uncursed ring of flight
Wands
 m - a wand of iceblast (7)
 p - a wand of random effects (9)
 u - a wand of acid (14)
Scrolls
 e - 4 scrolls of amnesia {unknown}
 f - a scroll of identify
 g - a scroll of immolation
 i - a scroll of remove curse
 o - 3 scrolls of fear {unknown}
 t - 2 scrolls of fog {unknown}
 v - 4 scrolls of magic mapping {unknown}
 D - a scroll of silence {unknown}
Potions
 a - 4 potions of curing
 l - 3 potions of flight
 q - 3 potions of heal wounds
 s - 2 potions of invisibility
 z - 2 potions of lignification


   Skills:
 + Level 6.5 Fighting
 - Level 1.7 Dodging
 - Level 2.4 Stealth
 + Level 8.6 Spellcasting
 - Level 2.0 Conjurations
 - Level 1.1 Transmutations
 * Level 13.9 Earth Magic


You had 12 spell levels left.
You knew the following spells:

 Your Spells              Type           Power        Failure   Level
a - Stone Arrow           Conj/Erth      #####.       1%          3
b - Passwall              Tmut/Erth      #####...     1%          2
c - Sandblast             Erth           ######       1%          1
d - Lee's Rapid Deconstr  Erth           ######....   1%          5
e - Petrify               Tmut/Erth      #####...     2%          4

Your spell library contained the following spells:

 Spells                   Type           Power        Failure   Level
 Shock                    Conj/Air       ###.         4%          1
 Magic Dart               Conj           ###.         2%          1
 Searing Ray              Conj           ###...       4%          2
 Dazzling Flash           Conj/Hex       ###...       12%         3
 Fulminant Prism          Conj/Hex       ###.......   36%         4
 Iskenderun's Mystic Bla  Conj/Tloc      ###.....     36%         4


Dungeon Overview and Level Annotations

Branches:
Dungeon (10/15)            Temple (1/1) D:4
   Lair: D:8-11         Orc: D:9-12

Altars:
Ashenzari
Cheibriados
Dithmenos
Elyvilon
Fedhas
Gozag
Hepliaklqana
Kikubaaqudgha
Makhleb
Nemelex Xobeh
Okawaru
Qazlal
Ru
Sif Muna
Trog
Uskayaw
Vehumet
Wu Jian
Xom
Yredelemnul
Zin
The Shining One

Shops:
D:6 }   D:8 ?


Innate Abilities, Weirdness & Mutations

You cannot be hasted, slowed, berserked, paralysed or teleported.
You can dig through walls and to a lower floor.
Your four strong arms can wield two-handed weapons with a shield.
You have a pair of large antennae on your head. (SInv)


Message History

There is a stone staircase leading up, spattered with blood here.
Unknown command.
The killer bee stings you.
* * * LOW HITPOINT WARNING * * *
The killer bee stings you.
* * * LOW HITPOINT WARNING * * *
The bullfrog barely misses you. The yak gores you!
* * * LOW HITPOINT WARNING * * *
The yak gores you!
* * * LOW HITPOINT WARNING * * *
You climb upwards.
There is a stone staircase leading down, spattered with blood here.
Unknown command.
Unknown command.
Unknown command.
Unknown command.
You extend your mandibles.
Unknown command.
You retract your mandibles.
The bullfrog hits you.
You die...

......#.....#####...#....#
......#.....#.......#....#
......#.....#.......#....#
###.........#####........#
.............(..#........#
................#........#
............#...#Y..#....#
###.........#..YyF..#....#
..#####.....#..†@...#....#
..#.........#.......#....#
..#.........#......(.....#
###.........#####...#....#
............#.......#....#
............#............#
#.####..#####...#........#
#....#..........#####....#
#....#..............#....#


You could see 2 yaks, a bullfrog and a killer bee.

Vanquished Creatures
  A two-headed ogre (D:9)
  10 yaks (D:9)
  A wyvern (D:9)
  Grum (D:8)
  A water moccasin (D:7)
  A sky beast (D:8)
  3 orc warriors
  A necrophage (D:9)
  An ice beast (D:7)
  2 ogres
  2 phantoms
  4 centaurs
  2 wolves (D:8)
  2 big kobolds
  A bullfrog (D:9)
  A water moccasin zombie (D:8)
  4 scorpions
  A water moccasin skeleton (D:9)
  2 killer bees (D:9)
  4 wights (D:5)
  5 howler monkeys
  4 hounds
  A jelly (D:7)
  2 orc priests
  3 orc wizards
  A centaur skeleton (D:4)
  2 iguanas
  Jessica (D:2)
  Terence (D:3)
  9 worker ants
  2 hound skeletons
  A hound zombie (D:9)
  A howler monkey skeleton (D:4)
  10 adders
  4 gnolls (D:9)
  2 shadow imps
  A white imp (D:5)
  2 ufetubi (D:9)
  5 oozes
  4 worms
  4 dart slugs
  4 leopard geckos
  16 orcs
  5 bats
  7 giant cockroaches
  2 gnoll zombies (D:2)
  8 goblins
  6 hobgoblins
  6 jackals
  16 kobolds
  3 quokkas
  2 ball pythons
  4 frilled lizards
  A jackal skeleton (D:5)
  A quokka zombie (D:8)
  4 rats
195 creatures vanquished.

Notes
Turn   | Place    | Note
-------+----------+-------------------------------------------
     0 | D:1      | lunkers the Formicid Earth Elementalist began the quest for
                  | the Orb.
     0 | D:1      | Reached XP level 1. HP: 13/13 MP: 3/3
   440 | D:1      | Reached skill level 4 in Earth Magic
   440 | D:1      | Reached XP level 2. HP: 19/19 MP: 3/5
   795 | D:1      | Reached XP level 3. HP: 24/24 MP: 1/6
  1274 | D:2      | Noticed Jessica
  1277 | D:2      | Killed Jessica
  1278 | D:2      | Reached skill level 5 in Earth Magic
  1278 | D:2      | Reached XP level 4. HP: 30/30 MP: 6/8
  1522 | D:2      | Reached XP level 5. HP: 33/35 MP: 3/9
  1611 | D:2      | Found a faded altar of an unknown god.
  1759 | D:2      | Found a glowing silver altar of Zin.
  1759 | D:2      | Found a stormy altar of Qazlal.
  1911 | D:2      | Found a basalt altar of Yredelemnul.
  2033 | D:2      | Reached skill level 6 in Earth Magic
  2187 | D:3      | Learned a level 2 spell: Passwall
  2191 | D:3      | Learned a level 3 spell: Stone Arrow
  2197 | D:3      | Learned a level 5 spell: Lee's Rapid Deconstruction
  2218 | D:3      | Found a shimmering altar of Xom.
  2537 | D:3      | Noticed Terence
  2550 | D:3      | Killed Terence
  2987 | D:3      | Reached XP level 6. HP: 41/41 MP: 9/11
  3295 | D:4      | Reached skill level 7 in Earth Magic
  3412 | D:4      | Noticed an ogre
  3416 | D:4      | Killed an ogre
  3417 | D:4      | Reached XP level 7. HP: 46/46 MP: 10/13
  3539 | D:4      | Got a translucent scale mail
  3624 | D:4      | Reached skill level 8 in Earth Magic
  3806 | D:4      | Found a staircase to the Ecumenical Temple.
  3984 | D:4      | Identified the cursed +0 scale mail of Lies {rF- Str+6}
                  | (You found it on level 4 of the Dungeon)
  4013 | Temple   | Entered the Ecumenical Temple
  4102 | Temple   | Became a worshipper of Vehumet
  4223 | D:5      | Entered Level 5 of the Dungeon
  4452 | D:5      | Reached skill level 5 in Spellcasting
  4662 | D:5      | Reached XP level 8. HP: 52/52 MP: 11/15
  4697 | D:5      | Reached skill level 9 in Earth Magic
  5395 | D:5      | Reached skill level 10 in Earth Magic
  5823 | D:6      | Found a burning altar of Makhleb.
  6204 | D:6      | Found Viume's Gadget Shop.
  6582 | D:6      | Found a white marble altar of Elyvilon.
  6808 | D:6      | Reached skill level 1 in Fighting
  7009 | D:7      | Reached XP level 9. HP: 61/61 MP: 1/18
  7272 | D:7      | Reached skill level 11 in Earth Magic
  7685 | D:7      | Reached * piety under Vehumet
  7685 | D:7      | Offered knowledge of Freeze by Vehumet.
  8463 | D:8      | Noticed Grum
  8469 | D:8      | Reached skill level 1 in Conjurations
  8475 | D:8      | Killed Grum
  8475 | D:8      | HP: 2/64 [poisoned by Grum]
  8760 | D:8      | Found Duxec's Magic Scroll Emporium.
  9627 | D:9      | Noticed a two-headed ogre
  9632 | D:9      | Killed a two-headed ogre
  9633 | D:9      | Reached skill level 12 in Earth Magic
  9633 | D:9      | Reached XP level 10. HP: 73/73 MP: 7/21
  9638 | D:9      | Learned a level 4 spell: Petrify
  9734 | D:9      | Reached skill level 5 in Fighting
 10072 | D:9      | Reached ** piety under Vehumet
 10073 | D:9      | Offered knowledge of Shock by Vehumet.
 10241 | D:9      | Reached skill level 13 in Earth Magic
 11367 | D:9      | Reached XP level 11. HP: 82/82 MP: 10/23
 11586 | D:10     | Entered Level 10 of the Dungeon
 11801 | D:10     | HP: 1/83 [yak (13)]
 11803 | D:9      | Slain by a bullfrog

Illustrated notes

Levels and vault maps discovered:
D:1:      scummos_arrival_simple_crosswalls, layout_basic,
          serial_park_tiny_pond, minivault_23
D:2:      layout_loops_cross, lemuel_zombie_altar_yredelemnul,
          gammafunk_temple_overflow_wave, chequers_ecumenical_altar_simple,
          roderic_roman_lattice, uniq_jessica
D:3:      layout_loops_ring, xom_butterflies, uniq_terence
D:4:      layout_basic, temple_hall
D:5:      layout_basic, minivault_11, nrook_campfire
D:6:      layout_layer_cave, kennysheep_mini, serial_shops,
          kennysheep_mini_moat, elyvilon_altar_1
D:7:      layout_cave_pools
D:8:      layout_basic, serial_shops, nicolae_shop_trees, uniq_grum
D:9:      layout_grid_maze
D:10:     layout_long_grid, erik_orc_2
Temple:   minmay_crystal_spiral_temple

Skill      XL: |  1  2  3  4  5  6  7  8  9 10 |
---------------+-------------------------------+-----
Earth Magic    | 4 5 6 7 8 10 12 13 | 13.9
Spellcasting   | 3 4 5 6 7 8 |  8.6
Fighting       | 1 4 6 |  6.5
Conjurations   | 2 |  2.0
Dodging        | |  1.7
Stealth        | |  2.4
Transmutations | |  1.1

Action                   |  1- 3 |  4- 6 |  7- 9 | 10-12 || total
-------------------------+-------+-------+-------+-------++-------
Melee: Unarmed           |    13 |     5 |       |       ||    18
       Flail             |       |       |     4 |     1 ||     5
Throw: Stone             |     1 |       |     2 |     2 ||     5
       Dart              |       |     3 |       |       ||     3
 Cast: Sandblast         |    30 |    75 |    32 |    24 ||   161
       Stone Arrow       |       |     2 |   131 |    66 ||   199
 Abil: Dig               |       |       |       |     1 ||     1
Evoke: Wand              |       |       |       |     1 ||     1
  Use: Scroll            |       |       |     9 |     1 ||    10
       Potion            |       |       |     1 |       ||     1
Armor: Robe              |     3 |     2 |     6 |     4 ||    15
Dodge: Dodged            |    12 |     8 |    35 |    63 ||   118

Table legend: (Time is in decaauts)
 A = Elapsed time spent in this place.
 B = Non-inter-level travel time spent in this place.
 C = Inter-level travel time spent in this place.
 D = Time resting spent in this place.
 E = Time spent auto-exploring this place.
 F = Levels seen in this place.
 G = Mean time per level.
                   A        B        C        D        E       F      G
               +--------+--------+--------+--------+--------+-----+--------+
         Total |  11794 |  11361 |    433 |    651 |   9535 |  11 | 1072.2 |
       Dungeon |  11623 |  11276 |    347 |    651 |   9452 |  10 | 1162.3 |
        Temple |    170 |     84 |     86 |      0 |     83 |   1 |  170.0 |
               +--------+--------+--------+--------+--------+-----+--------+

Top non-repeatable levels by time:
     D:9: 2579 daAuts
     D:5: 1446 daAuts
     D:6: 1409 daAuts
     D:1: 1222 daAuts
     D:8: 1143 daAuts
     D:3: 984 daAuts
     D:7: 983 daAuts
     D:2: 958 daAuts
     D:4: 883 daAuts
  Temple: 170 daAuts
    D:10: 11 daAuts
